 Dungeon Crawl Stone Soup version 0.21-a0-404-g291f19a (webtiles) character file.

3120 Astral24 the Covered (level 9, -1/103 HPs)
             Began as a Demonspawn Berserker on Oct 27, 2017.
             Was a Priest of Trog.
             Slain by a yak (5 damage)
             ... on level 7 of the Dungeon.
             The game lasted 00:49:15 (8330 turns).

Astral24 the Covered (Demonspawn Berserker)         Turns: 8330, Time: 00:49:15

Health: -1/103     AC:  4    Str: 23 (25) XL:     9   Next: 60%
Magic:  9/9        EV: 12    Int: 10      God:    Trog [***...]
Gold:   442        SH:  0    Dex: 12 (14) Spells: 8/8 levels left

rFire    + . .     SeeInvis .   J - +3 short sword
rCold    . . .     Gourm    .   (no shield)
rNeg     . . .     Faith    .   i - +0 scale mail
rPois    .         Spirit   .   m - +1 helmet
rElec    .         Reflect  .   y - +0 cloak
rCorr    .         Harm     .   f - +0 pair of gloves
MR       .....                  o - +0 pair of boots
Stlth    ..........             (no amulet)
HPRegen  0.27/turn              (no ring)
MPRegen  0.11/turn              (no ring)

@: berserking, corroded, drained, very quick
A: claws 2, icy blue scales 2, agile 1, fire resistance 1, nightstalker 1, sense
surroundings 1, screaming 1
a: Berserk, Trog's Hand, Burn Spellbooks, Renounce Religion


You were on level 7 of the Dungeon.
You worshipped Trog.
Trog was most pleased with you.
You were near starving.

You visited 2 branches of the dungeon, and saw 8 of its levels.

You collected 442 gold pieces.

Inventory:

Hand Weapons
 a - a +0 falchion
 h - a +0 hand axe of electrocution
 n - a +1 dagger of venom
 s - a +0 war axe
 u - a +0 scimitar
 w - a +3 quarterstaff of chaos
 z - a +0 arbalest
 D - a +0 short sword of protection
 E - the +2 spear of True Grit {drain, Dex+2 Stlth+}
   (You took it off a centaur on level 5 of the Dungeon)

   A truly terrible weapon, it drains the life of those it strikes.
   It affects your dexterity (+2).
   It makes you more stealthy.
 H - a +1 dire flail of freezing
 I - a +2 great sword of protection
 J - a +3 short sword (weapon)
Missiles
 j - 169 stones
 x - 10 javelins (quivered)
 A - 47 poisoned needles
Armour
 f - a +0 pair of gloves (worn)
 i - a +0 scale mail (worn)
 m - a +1 helmet (worn)
 o - a +0 pair of boots (worn)
 y - a +0 cloak (worn)
Wands
 C - a wand of acid (7/15)
Scrolls
 b - a scroll of recharging {unknown}
 l - a scroll of amnesia {unknown}
 q - 6 scrolls of identify
 r - 5 scrolls of remove curse
 t - 2 scrolls of enchant weapon
 F - a scroll of acquirement {unknown}
 G - a scroll of magic mapping {unknown}
Potions
 e - a potion of lignification
 v - 2 potions of magic
 B - a potion of invisibility
Comestibles
 c - 2 bread rations
 d - 5 meat rations
 g - 3 royal jellies
 p - 4 fruits


   Skills:
 * Level 5.7(5.3) Fighting
 - Level 5.5(6.3) Short Blades
 * Level 5.5(6.3) Long Blades
 - Level 0.7(0.5) Throwing
 * Level 6.5(6.2) Armour
 * Level 4.6(4.3) Dodging
 * Level 4.1(3.8) Stealth


You had 8 spell levels left.
You didn't know any spells.

Dungeon Overview and Level Annotations

Branches:
Dungeon (7/15)             Temple (1/1) D:6

Altars:
Ashenzari
Dithmenos
Elyvilon
Fedhas
Gozag
Hepliaklqana
Kikubaaqudgha
Nemelex Xobeh
Okawaru
Qazlal
Ru
Sif Muna
Trog
Uskayaw
Vehumet
Wu Jian
Xom
Yredelemnul
Zin
The Shining One


Innate Abilities, Weirdness & Mutations

You have very sharp fingernails.
You are mostly covered in icy blue scales. (AC +3)
You are slightly more attuned to the shadows.
You are agile. (Dex +2)
Your flesh is heat resistant. (rF+)
You passively map a small area around you.
You occasionally shout uncontrollably at your foes.


Message History

Your scale mail prevents you from hitting the orc wizard.
You closely miss the orc wizard. The yak gores you!
* * * LOW HITPOINT WARNING * * *
The orc wizard hits you with a dagger.
* * * LOW HITPOINT WARNING * * *
The orc priest barely misses you.
You are too berserk!
You hit the orc wizard but do no damage.
The yak gores you!
* * * LOW HITPOINT WARNING * * *
Your scale mail prevents you from hitting the orc wizard.
The orc wizard hits you but does no damage.
The orc wizard hits you with a dagger.
* * * LOW HITPOINT WARNING * * *
You are too berserk!
You closely miss the orc wizard. The orc priest barely misses you.
The orc hits you with a hand axe.
* * * LOW HITPOINT WARNING * * *
The yak gores you.
You die...

* .............. ,
.............. ,*
#............<.....
.......#
#..................
#......#
##..................
*#.....#
##...................
#....#
#.....o#######.......
###....## ##..ooo.....
#.......
..#.....####....@Y.# ,
#.......
..#.......#...)..o.# *
#.......
#....###..........## ,
#....... ....##
##.........# #.......
...##
###.......########.......
...#
##..<...##........)....
#.##
#.......#........(.>...
..#
#...........#######....
..# #...##....### ###..


You could see a yak, an orc priest, 3 orc wizards and an orc.

Vanquished Creatures
  The ghost of pichaelthompson the Charmwright, a novice OpSk of Hepliaklqana (D:4)
  Prince Ribbit (D:5)
  A human (D:7)
  Eustachio (D:6)
  The ghost of Kaishin the Caller, an amateur FeSu (D:5)
  Menkaure (D:6)
  Edmund (D:4)
  Duvessa (D:5)
  A phantom (D:7)
  An ogre (D:7)
  4 centaurs
  Blork the orc (D:4)
  2 bullfrogs (D:5)
  Dowan (D:5)
  5 wights
  A howler monkey (D:5)
  2 crimson imps (D:6)
  A centaur zombie (D:7)
  A hound (D:4)
  2 centaur skeletons
  2 jellies
  Crazy Yiuf (D:4)
  Terence (D:2)
  3 iguanas
  7 worker ants
  Natasha (twice) (D:2)
  6 orc wizards
  A hound zombie (D:7)
  Robin (D:2)
  4 gnolls (D:3)
  5 adders
  A river rat (D:3)
  4 shadow imps
  2 adder zombies (D:7)
  2 worms
  A dart slug (D:2)
  3 leopard geckos
  11 orcs
  3 giant cockroaches
  12 goblins
  7 hobgoblins
  2 jackals (D:6)
  11 quokkas
  A ball python (D:5)
  5 bats
  3 frilled lizards
  A giant cockroach zombie (D:5)
  4 kobolds
  8 rats
144 creatures vanquished.

Vanquished Creatures (others)
  2 hobgoblins (D:2)
2 creatures vanquished.

Grand Total: 146 creatures vanquished

Notes
Turn   | Place    | Note
-------+----------+-------------------------------------------
     0 | D:1      | Astral24 the Demonspawn Berserker began the quest for the Orb.
     0 | D:1      | Reached XP level 1. HP: 18/18 MP: 1/1
   326 | D:1      | Gained mutation: You are slightly more attuned to the shadows. [demonic ancestry]
   326 | D:1      | Reached XP level 2. HP: 15/24 MP: 2/2
  1042 | D:2      | Noticed Robin
  1061 | D:2      | Killed Robin
  1061 | D:2      | Reached skill level 2 in Armour
  1061 | D:2      | Gained mutation: You have sharp fingernails. [demonic ancestry]
  1061 | D:2      | Reached XP level 3. HP: 23/29 MP: 3/3
  1199 | D:2      | Reached ** piety under Trog
  1523 | D:2      | Found a stormy altar of Qazlal.
  1555 | D:2      | Noticed Terence
  1565 | D:2      | Killed Terence
  1565 | D:2      | Gained mutation: You are partially covered in icy blue scales. (AC +2) [demonic ancestry]
  1565 | D:2      | Reached XP level 4. HP: 35/35 MP: 4/4
  1600 | D:2      | Found a basalt altar of Yredelemnul.
  1739 | D:2      | Noticed Natasha
  1748 | D:2      | Killed Natasha
  1877 | D:2      | Noticed Natasha
  1889 | D:2      | Killed Natasha
  1889 | D:2      | Reached skill level 1 in Stealth
  1889 | D:2      | Gained mutation: You have very sharp fingernails. [demonic ancestry]
  1889 | D:2      | Reached XP level 5. HP: 30/41 MP: 5/5
  2498 | D:3      | Reached skill level 1 in Short Blades
  2838 | D:3      | Reached skill level 3 in Armour
  3364 | D:4      | Noticed pichaelthompson's ghost (novice OpSk)
  3375 | D:4      | Killed pichaelthompson's ghost
  3375 | D:4      | Gained mutation: You are mostly covered in icy blue scales. (AC +3) [demonic ancestry]
  3375 | D:4      | Reached XP level 6. HP: 48/48 MP: 6/6
  3438 | D:4      | Reached XP level 7. HP: 53/54 MP: 7/7
  3531 | D:4      | Found an ornate altar of the Wu Jian Council.
  3569 | D:4      | Noticed Edmund
  3586 | D:4      | Killed Edmund
  3586 | D:4      | Reached skill level 4 in Armour
  3617 | D:4      | Noticed Blork the orc
  3641 | D:4      | Killed Blork the orc
  3900 | D:4      | Found a runed door.
  3904 | D:4      | Noticed Crazy Yiuf
  3913 | D:4      | Killed Crazy Yiuf
  4437 | D:5      | Entered Level 5 of the Dungeon
  4533 | D:5      | Noticed Prince Ribbit
  4547 | D:5      | Killed Prince Ribbit
  4584 | D:5      | Noticed Duvessa
  4587 | D:5      | Noticed Dowan
  4607 | D:5      | Killed Duvessa
  4607 | D:5      | Reached skill level 5 in Armour
  4607 | D:5      | Reached XP level 8. HP: 61/61 MP: 8/8
  4624 | D:5      | Killed Dowan
  4947 | D:5      | Noticed Kaishin's ghost (amateur FeSu)
  4969 | D:5      | Killed Kaishin's ghost
  5129 | D:5      | Gained mutation: You passively map a small area around you. [potion of mutation]
  5129 | D:5      | Gained mutation: You are agile. (Dex +2) [potion of mutation]
  5129 | D:5      | Gained mutation: You occasionally shout uncontrollably at your foes. [potion of mutation]
  5129 | D:5      | Gained mutation: Your flesh is heat resistant. (rF+) [potion of mutation]
  5278 | D:5      | Found a stormy altar of Qazlal.
  5688 | D:6      | Reached *** piety under Trog
  5694 | D:6      | Reached skill level 5 in Fighting
  5694 | D:6      | Reached skill level 5 in Long Blades
  5712 | D:6      | Noticed Eustachio
  6043 | D:6      | Killed Eustachio
  6043 | D:6      | Reached XP level 9. HP: 68/68 MP: 9/9
  6051 | D:6      | Reached skill level 5 in Short Blades
  6318 | D:5      | Got an uncursed bloodstained spear {drain}
  6320 | D:5      | Identified the +2 spear of True Grit {drain, Dex+2 Stlth+} (You took it off a centaur on level 5 of the Dungeon)
  6674 | D:6      | Found a hazy altar of Hepliaklqana.
  6707 | D:6      | Noticed Menkaure
  6716 | D:6      | Killed Menkaure
  6716 | D:6      | Reached skill level 6 in Armour
  6738 | D:6      | Found a staircase to the Ecumenical Temple.
  6784 | Temple   | Entered the Ecumenical Temple
  8024 | D:7      | Found a deep blue altar of Sif Muna.
  8041 | D:7      | Found a hide-covered altar of Uskayaw.
  8046 | D:7      | Noticed a dagger
  8047 | D:7      | Noticed a hand axe
  8247 | D:7      | Found a radiant altar of Vehumet.
  8330 | D:7      | HP: 4/103 [orc/hand axe (4)]
  8330 | D:7      | Slain by a yak

Vault maps used:
D:1:      onia_arrival_larder
D:2:      lemuel_doored_altar, grunt_qazlal_clouds, uniq_natasha, uniq_robin,
          uniq_terence
D:3:      lightli_sewer_entry_pipes
D:4:      nicolae_overflow_crystal_walls, uniq_edmund, uniq_blork_the_orc,
          uniq_crazy_yiuf_cottage
D:5:      overflow_temple_1_default, first_bread, uniq_duvessa,
          uniq_prince_ribbit1
D:6:      lemuel_crystal_altar, minmay_temple_entry_statues_fountains,
          uniq_menkaure, uniq_eustachio
D:7:      dancing_weapons_uskayaw, kennysheep_mini_moat, kennysheep_little_box,
          vehumet_crystals, grunt_livestock
Temple:   oiseaux_autumnal_temple

Skill      XL: |  1  2  3  4  5  6  7  8  9 |
---------------+----------------------------+-----
Long Blades    | 3 4 5 |  5.5
Dodging        | 2 3 4 |  4.6
Armour         | 2 3 5 6 |  6.5
Stealth        | 1 2 3 4 |  4.1
Short Blades   | 1 2 4 5 |  5.5
Fighting       | 4 5 |  5.7
Throwing       | |  0.7

Action                   |  1- 3 |  4- 6 |  7- 9 || total
-------------------------+-------+-------+-------++-------
Melee: Falchion          |    78 |       |       ||    78
       Dagger            |     9 |   172 |    95 ||   276
       Short sword       |       |       |   412 ||   412
       Spear             |       |       |    25 ||    25
Throw: Stone             |     8 |     2 |    12 ||    22
       Javelin           |       |       |    16 ||    16
Invok: Berserk           |     2 |     2 |    13 ||    17
       Trog's Hand       |       |       |     9 ||     9
       Burn Spellbooks   |       |       |     1 ||     1
  Use: Scroll            |     2 |     3 |       ||     5
       Potion            |     1 |     4 |     9 ||    14
 Stab: Sleeping          |       |     1 |     1 ||     2
  Eat: Chunk             |     2 |    10 |    12 ||    24
       Royal jelly       |       |       |     1 ||     1
       Meat ration       |       |       |     1 ||     1
       Bread ration      |       |       |     2 ||     2
       Fruit             |       |       |     2 ||     2
Armor: Animal skin       |     2 |       |       ||     2
       Scale mail        |    36 |    72 |   325 ||   433
       Ring mail         |       |     7 |       ||     7
Dodge: Dodged            |    58 |    89 |   317 ||   464
       Rpst.: Falchion   |    17 |       |       ||    17

Table legend:
 A = Spawn XP
 B = Non-spawn XP
 C = Spawn XP percentage of total XP
 D = Spawn monster count
 E = Non-spawn monster count
 F = Spawn count percentage of total count
 G = Total turns spent on level
                    A         B        C        D         E        F      G
               +---------+---------+-------+---------+---------+-------+---------
         Total |       0 |    4458 |   0.0 |       0 |     144 |   0.0 |  8330
               +---------+---------+-------+---------+---------+-------+---------
           D:1 |       0 |      27 |   0.0 |       0 |      16 |   0.0 |  1019
           D:2 |       0 |     190 |   0.0 |       0 |      21 |   0.0 |  1119
           D:3 |       0 |     134 |   0.0 |       0 |      26 |   0.0 |  1136
           D:4 |       0 |     784 |   0.0 |       0 |      15 |   0.0 |  1163
           D:5 |       0 |    1451 |   0.0 |       0 |      28 |   0.0 |  1792
           D:6 |       0 |     927 |   0.0 |       0 |      18 |   0.0 |   847
           D:7 |       0 |     945 |   0.0 |       0 |      20 |   0.0 |   947
               +---------+---------+-------+---------+---------+-------+---------
